 Dungeon Crawl Stone Soup version bcrawl-1.13.1-9-ga81ed0b431 (webtiles) character file.

Game seed: 16058657808877962382

959 Revguard the Ducker (level 7, -11/57 HPs)
             Began as a Demigod Archaeologist on Aug 7, 2019.
             Mangled by an orc warrior
             ... wielding a +0 long sword
              (19 damage)
             ... on level 5 of the Dungeon.
             The game lasted 00:09:09 (4597 turns).

Revguard the Ducker (Demigod Archaeologist)         Turns: 4597, Time: 00:09:10

Health: -11/57     AC:  7    Str: 15    XL:     7   Next: 91%
Magic:  13/13      EV: 15    Int: 18    God:    Demigod [**....]
Gold:   286        SH:  0    Dex: 19    Spells: 6/6 levels left

rFire    + . .     SeeInvis .   l - +3 dagger (speed)
rCold    x . .     Gourm    .   (no shield)
rNeg     . . .     Faith    .   r - +1 robe {MR+}
rPois    .         Spirit   .   c - +1 hat
rElec    .         Reflect  .   (no cloak)
rCorr    .         Harm     .   (no gloves)
MR       +....                  d - +2 pair of boots
Stlth    +++.......             (no amulet)
HPRegen  0.19/turn              j - ring of fire
MPRegen  0.13/turn              (no ring)

@: lethally poisoned (-11 -> -12), studying Long Blades
A: high mp 1
a: Temporal Distortion, Growth


You were on level 5 of the Dungeon.
You worshipped Demigod.
Demigod was pleased with you.
You were not hungry.

You visited 1 branch of the dungeon, and saw 5 of its levels.

You collected 286 gold pieces.

Inventory:

Hand Weapons
 l - a +3 dagger of speed (weapon)
Armour
 c - a +1 hat (worn)
 d - a +2 pair of boots (worn)
 r - a +1 robe of magic resistance (worn)
Jewellery
 j - a ring of fire (left hand)
Wands
 q - a wand of disintegration (10)
Scrolls
 a - a scroll of remove curse
 h - 2 scrolls of amnesia
 i - 2 scrolls of identify
 k - 2 scrolls of enchant armour
 m - a scroll of fog
 o - a scroll of teleportation {unknown}
Potions
 b - a potion of brilliance
 n - 2 potions of flight
Books
 e - a manual of Long Blades
Miscellaneous
 f - an ancient crate
Comestibles
 g - 8 rations {!d}


   Skills:
 * Level 3.3 Fighting
 + Level 3.9(4.6) Short Blades
 * Level 3.7(4.5) Long Blades
   Level 1.1 Maces & Flails
 * Level 2.8 Armour
 + Level 4.3 Dodging
 - Level 3.0 Stealth
 * Level 4.1 Invocations


You had 6 spell levels left.
You didn't know any spells.
Your spell library was empty.

Dungeon Overview and Level Annotations

Branches:
Dungeon (5/12)
 Temple: D:4-7

Annotations:
D:4 2 transporters, drd's ghost, amateur OpFi


Innate Abilities, Weirdness & Mutations

You have an increased reservoir of magic. (+10% MP)


Message History

The orc warrior misses you.
You hit the orc warrior but do no damage.
Evoke which item? (* to show all) (? for menu, Esc to quit)
Aiming: Disintegrate
Press: ? - help, Shift-Dir - straight line, f/p - orc warrior
Aim: an orc warrior, wielding a +0 long sword and wearing a +0 chain mail (chance to defeat MR: 65%)
The orc warrior is blasted!
The orc warrior hits you with a +0 long sword!
* * * LOW HITPOINT WARNING * * *
You hit the orc warrior but do no damage.
The orc warrior is moderately wounded.
The orc warrior misses you.
You hit the orc warrior.
The orc warrior is heavily wounded.
You hit the orc warrior but do no damage.
The orc warrior is heavily wounded.
You feel sick.
The orc warrior hits you with a +0 long sword!!
You die...
Your divinity fades.

.. #. #### #.# #...
#.############### #.##
#######..........)....# # #
##.........###########.# #.##
..........ooo@....##.#.# #...
#........Z######.##.#.#######
#.........####>...........)#.
#.).......#......##.#.#..#.#.
#.........#.<....##.#.##.#...
#.........#.....###.#......#.
#.........#.....###.#####..#.
#.........#................).
#.........#.....##########.#.


You could see an orc warrior, an orc wizard, an orc and a jackal zombie.

Vanquished Creatures
  Edmund (D:5)
  A sky beast (D:5)
  An ogre (D:4)
  A centaur (D:5)
  A bullfrog zombie (D:4)
  2 hounds
  2 crimson imps
  An orc priest (D:4)
  A bullfrog skeleton (D:4)
  A centaur skeleton (D:4)
  2 orc wizards (D:4)
  An iguana (D:3)
  4 worker ants
  A gnoll (D:5)
  5 adders
  An ooze (D:1)
  4 worms
  3 dart slugs
  7 leopard geckos
  11 orcs
  5 giant cockroaches
  10 hobgoblins
  2 jackals (D:4)
  9 kobolds
  2 quokkas
  4 bats
  10 goblins
  5 rats
98 creatures vanquished.

Notes
Turn   | Place    | Note
-------+----------+-------------------------------------------
     0 | D:1      | Revguard the Demigod Archaeologist began the quest for the
                  | Orb.
     0 | D:1      | Reached XP level 1. HP: 15/15 MP: 3/3
    18 | D:1      | Reached skill level 1 in Fighting
    75 | D:1      | Reached skill level 1 in Invocations
    75 | D:1      | Reached XP level 2. HP: 22/23 MP: 5/5
   123 | D:1      | Reached skill level 1 in Maces & Flails
   593 | D:2      | Reached XP level 3. HP: 28/28 MP: 6/6
   624 | D:2      | Found a deep blue altar of Sif Muna.
   670 | D:2      | Reached * piety under Demigod
   695 | D:2      | Reached skill level 1 in Armour
   704 | D:2      | Found a burning altar of Makhleb.
   737 | D:2      | Found a faded altar of an unknown god.
  1351 | D:2      | Reached skill level 1 in Long Blades
  1363 | D:2      | Reached XP level 4. HP: 32/35 MP: 7/7
  1632 | D:3      | Found a hazy altar of Hepliaklqana.
  1658 | D:3      | Reached skill level 1 in Short Blades
  1839 | D:3      | Reached XP level 5. HP: 15/41 MP: 9/9
  2465 | D:4      | Found a corrupted altar of Lugonu.
  2519 | D:4      | Reached ** piety under Demigod
  2730 | D:4      | Reached XP level 6. HP: 45/48 MP: 10/10
  2734 | D:4      | Found a white marble altar of Elyvilon.
  2805 | D:4      | Found a radiant altar of Vehumet.
  2881 | D:4      | Found an iron altar of Okawaru.
  3288 | D:4      | Noticed drd's ghost (amateur OpFi)
  3295 | D:4      | Found a transporter.
  3295 | D:4      | Identified the +5 great mace of Laceration {speed, +Rage
                  | Dex+2}
  3304 | D:4      | Found a transporter.
  3379 | D:4      | Found a snail-covered altar of Cheibriados.
  3379 | D:4      | Found a blossoming altar of Fedhas.
  3474 | D:4      | Reached XP level 7. HP: 22/56 MP: 12/12
  3934 | D:5      | Entered Level 5 of the Dungeon
  4052 | D:5      | Found a glowing silver altar of Zin.
  4186 | D:5      | Noticed Edmund
  4208 | D:5      | Killed Edmund
  4597 | D:5      | Mangled by an orc warrior

Skill      XL: |  1  2  3  4  5  6  7 |
---------------+----------------------+-----
Fighting       | 1 2 3 |  3.3
Invocations    | 1 2 3 4 |  4.1
Maces & Flails | 1 |  1.1
Dodging        | 3 4 |  4.3
Armour         | 1 2 |  2.8
Long Blades    | 1 2 3 |  3.7
Short Blades   | 1 2 3 |  3.9
Stealth        | |  3.0

Action                   |  1- 3 |  4- 6 |  7- 9 || total
-------------------------+-------+-------+-------++-------
Melee: Whip              |    58 |       |       ||    58
       Dagger            |   115 |   253 |    73 ||   441
Evoke: Wand              |       |     2 |     7 ||     9
  Use: Scroll            |     5 |     5 |       ||    10
       Potion            |     2 |     2 |       ||     4
 Stab: Sleeping          |     7 |     5 |     4 ||    16
  Eat: Chunk             |     2 |     6 |     4 ||    12
Armor: Robe              |    52 |    41 |     3 ||    96
       Skin              |       |     7 |       ||     7
Dodge: Dodged            |   132 |   126 |    44 ||   302
